 Dungeon Crawl Stone Soup version 0.22.0-38-g04b72b8 (webtiles) character file.

7552 leisz the Fighter (level 10, -2/94 HPs)
             Began as a Minotaur Berserker on Aug 27, 2018.
             Was a High Priest of Trog.
             Slain by a tengu warrior
             ... wielding a +1 broad axe of venom
             ... led by a tengu warrior
              (14 damage)
             ... on level 9 of the Dungeon.
             The game lasted 00:28:34 (8685 turns).

leisz the Fighter (Minotaur Berserker)              Turns: 8685, Time: 00:28:35

Health: -2/94      AC: 18    Str: 22    XL:     10   Next: 96%
Magic:  9/9        EV:  9    Int:  4    God:    Trog [*****.]
Gold:   533        SH: 12    Dex: 17    Spells: 9/9 levels left

rFire    + . .     SeeInvis .   N - +2 morningstar (protect)
rCold    + . .     Gourm    .   n - +0 shield
rNeg     . . .     Faith    .   a - +1 chain mail {rF+}
rPois    .         Spirit   .   (helmet restricted)
rElec    .         Reflect  .   u - +0 cloak
rCorr    .         Harm     .   i - +0 pair of gloves
MR       ++...                  E - +1 pair of boots
Stlth    ..........             (no amulet)
HPRegen  1.25/turn              w - ring of protection from cold
MPRegen  0.11/turn              t - +4 ring of dexterity

@: lethally poisoned (-2 -> -6), about to teleport, regenerating
A: retaliatory headbutt, horns 2
a: Berserk, Trog's Hand, Brothers in Arms, Renounce Religion


You were on level 9 of the Dungeon.
You worshipped Trog.
Trog was extremely pleased with you.
You were very hungry.

You visited 1 branch of the dungeon, and saw 9 of its levels.
You also visited: Ossuary and Bailey.

You collected 533 gold pieces.

Inventory:

Hand Weapons
 N - a +2 morningstar of protection (weapon)
Missiles
 e - 289 stones (quivered)
 y - a throwing net
Armour
 a - a +1 chain mail of fire resistance (worn)
 g - +0 acid dragon scales
 i - a +0 pair of gloves (worn)
 n - a +0 shield (worn)
 u - a +0 cloak (worn)
 E - a +1 pair of boots (worn)
Jewellery
 p - an uncursed ring of wizardry
 t - a +4 ring of dexterity (right hand)
 w - a ring of protection from cold (left hand)
 J - an uncursed ring of ice
Wands
 A - a wand of paralysis (11)
 C - a wand of random effects (51)
 P - a wand of flame (55)
Scrolls
 j - 2 scrolls of fog
 l - 4 scrolls of teleportation
 q - 6 scrolls of enchant weapon
 r - 3 scrolls of fear
 x - 3 scrolls of remove curse
 D - 2 scrolls of amnesia {unknown}
 I - a scroll of immolation {unknown}
 K - 4 scrolls of magic mapping {unknown}
 M - 2 scrolls of enchant armour {unknown}
 Q - 2 scrolls of identify
Potions
 b - a potion of berserk rage {unknown}
 d - a potion of experience {unknown}
 f - 2 potions of magic
 h - 5 potions of haste
 k - 6 potions of curing
 o - 2 potions of degeneration {unknown}
 v - 4 potions of might
 z - 2 potions of flight
 B - a potion of ambrosia {unknown}
 F - 2 potions of invisibility
 G - a potion of cancellation {unknown}
 L - a potion of lignification {unknown}
 O - a potion of mutation {unknown}
Comestibles
 c - 10 rations
 s - 2 chunks of flesh


   Skills:
 + Level 10.7 Fighting
 + Level 10.7 Maces & Flails
 + Level 10.4 Armour
 - Level 2.6 Dodging
 + Level 9.9 Shields


You had 9 spell levels left.
You didn't know any spells.
Your spell library was empty.

Dungeon Overview and Level Annotations

Branches:
Dungeon (9/15)             Temple (0/1) D:7            Lair (0/6) D:9
    Orc: D:9-12

Altars:
Dithmenos
Nemelex Xobeh
Qazlal
Xom


Innate Abilities, Weirdness & Mutations

You reflexively headbutt those who attack you in melee.
You have a pair of horns on your head.


Message History

The tengu warrior hits you with a broad axe of venom!
* * * LOW HITPOINT WARNING * * *
You are more poisoned.
You block the tengu warrior's attack.
The tengu warrior claws you but does no damage.
The tengu warrior blocks your attack.
Your headbutt misses the tengu warrior.
The tengu warrior is almost dead.
You feel the effects of Trog's Hand fading.
You feel very sick.
You block the tengu warrior's attack. x2
The tengu warrior claws you but does no damage.
You feel very sick.
You feel very sick.
You feel sick.
You feel very sick.
Okay, then.
As you read the scroll of teleportation, it crumbles to dust.
You feel strangely unstable.
You feel sick.
The tengu warrior hits you with a broad axe of venom!
You die...

...###..#..... #........
...# ...#..... #........
...# ...#.?... #........
...# ...# #........ ...#
#.......# ...# #.......#
...#.....# +.......#
...#.....#######Q..(...#
...#............@......#
...#........#####......#
...#........# .......
##.#........+ ..###..
.#.#........# ..# ..
.#.#........#####..#
.###.....<.........#
...................#
.....#######.......#


You could see a tengu warrior.

Vanquished Creatures
  2 death yaks (D:8)
  A tengu warrior (D:9)
  Pikel (D:5)
  Sigmund (D:6)
  A hippogriff (D:8)
  4 yaks
  An acid dragon (D:8)
  A water moccasin (D:8)
  A sky beast (D:6)
  2 black bears
  An ice beast (D:7)
  4 orc warriors
  A phantom (D:4)
  An eye of draining (D:5)
  A hornet zombie (D:7)
  3 ogres
  3 centaurs
  Blork the orc (D:5)
  A bullfrog (D:7)
  4 scorpions
  4 wights (D:7)
  2 howler monkeys
  A bullfrog zombie (D:5)
  A quasit (D:8)
  A jelly (D:8)
  A bullfrog skeleton (D:9)
  4 hounds
  10 orc priests
  4 centaur zombies
  3 iguanas
  8 orc wizards
  Natasha (thrice) (D:3)
  4 worker ants
  2 ogre zombies (Ossuary)
  A hound zombie (D:6)
  7 mummies (Ossuary)
  6 adders
  4 gnolls (D:7)
  A shadow imp (D:6)
  2 oozes (D:2)
  An adder skeleton (D:5)
  2 adder zombies (Ossuary)
  2 worms (D:2)
  2 dart slugs
  A leopard gecko (D:6)
  42 orcs
  14 bats
  6 giant cockroaches
  6 goblins
  4 hobgoblins
  3 jackals
  5 quokkas
  2 frilled lizards
  A giant cockroach zombie (D:5)
  2 goblin zombies (Ossuary)
  4 hobgoblin zombies (Ossuary)
  5 kobolds
  A quokka skeleton (D:4)
  4 quokka zombies (Ossuary)
  6 rats
  A rat zombie (Ossuary)
218 creatures vanquished.

Vanquished Creatures (collateral kills)
  A two-headed ogre (D:8)
  A death yak (D:8)
2 creatures vanquished.

Vanquished Creatures (others)
  A slave (D:5)
  A crimson imp (D:5)
  An adder (D:5)
  A shadow imp (D:5)
4 creatures vanquished.

Grand Total: 224 creatures vanquished

Notes
Turn   | Place    | Note
-------+----------+-------------------------------------------
     0 | D:1      | leisz the Minotaur Berserker began the quest for the Orb.
     0 | D:1      | Reached XP level 1. HP: 19/19 MP: 0/0
   165 | D:1      | Reached XP level 2. HP: 25/27 MP: 1/1
   503 | D:1      | Reached ** piety under Trog
   708 | D:2      | Reached XP level 3. HP: 29/33 MP: 2/2
  1371 | D:2      | Reached skill level 1 in Shields
  1371 | D:2      | Reached XP level 4. HP: 38/41 MP: 3/3
  1452 | D:3      | Noticed Natasha
  1461 | D:3      | Killed Natasha
  1583 | D:3      | Reached XP level 5. HP: 39/47 MP: 4/4
  1763 | D:3      | Noticed Natasha
  1768 | D:3      | Killed Natasha
  1902 | D:3      | Noticed Natasha
  1909 | D:3      | Killed Natasha
  1909 | D:3      | Reached skill level 5 in Fighting
  1909 | D:3      | Reached skill level 5 in Maces & Flails
  1971 | D:3      | Reached *** piety under Trog
  2312 | D:4      | Reached XP level 6. HP: 34/56 MP: 5/5
  2395 | D:4      | Found a sand-covered staircase.
  2407 | Ossuary  | Entered an ossuary
  2650 | Ossuary  | Reached skill level 5 in Armour
  2713 | Ossuary  | Reached XP level 7. HP: 62/62 MP: 6/6
  3423 | D:5      | Entered Level 5 of the Dungeon
  3425 | D:5      | Noticed Pikel
  3442 | D:5      | Killed Pikel
  3442 | D:5      | Reached skill level 5 in Shields
  3442 | D:5      | Reached XP level 8. HP: 71/71 MP: 7/7
  3594 | D:5      | Noticed Blork the orc
  3603 | D:5      | Killed Blork the orc
  3805 | D:5      | Reached **** piety under Trog
  4330 | D:6      | Noticed Sigmund
  4345 | D:6      | Killed Sigmund
  4345 | D:6      | Reached XP level 9. HP: 80/81 MP: 8/8
  4486 | D:6      | Found a shadowy altar of Dithmenos.
  4486 | D:6      | Found a shimmering altar of Xom.
  4770 | D:7      | Found a flagged portal.
  4890 | Bailey   | Entered a bailey
  5372 | Bailey   | Noticed an orc knight
  5391 | Bailey   | Noticed an orc knight
  6236 | D:7      | Found a shimmering altar of Xom.
  6659 | D:7      | Found a sparkling altar of Nemelex Xobeh.
  6801 | D:7      | Found a staircase to the Ecumenical Temple.
  7077 | D:8      | Found a stormy altar of Qazlal.
  7091 | D:8      | Reached ***** piety under Trog
  7423 | D:8      | Reached XP level 10. HP: 73/91 MP: 9/9
  7983 | D:9      | Found a staircase to the Lair.
  7983 | D:9      | Noticed a death yak
  7983 | D:9      | Noticed a death yak
  7983 | D:9      | Noticed a two-headed ogre
  7986 | D:9      | Noticed a death yak
  7992 | D:8      | Killed a death yak
  7993 | D:8      | Killed a two-headed ogre
  8283 | D:8      | Killed a death yak
  8283 | D:8      | Reached skill level 10 in Fighting
  8283 | D:8      | Reached skill level 10 in Maces & Flails
  8404 | D:8      | Killed a death yak
  8404 | D:8      | Reached skill level 10 in Armour
  8603 | D:9      | Noticed a tengu warrior
  8603 | D:9      | Noticed a tengu warrior
  8631 | D:9      | Killed a tengu warrior
  8685 | D:9      | Slain by a tengu warrior

Skill      XL: |  1  2  3  4  5  6  7  8  9 10 |
---------------+-------------------------------+-----
Maces & Flails | 4 5 6 8 9 10 | 10.7
Fighting       | 4 5 6 8 9 10 | 10.7
Armour         | 3 4 5 6 7 9 10 | 10.4
Shields        | 1 2 3 5 6 8 9 |  9.9
Dodging        | |  2.6

Action                   |  1- 3 |  4- 6 |  7- 9 | 10-12 || total
-------------------------+-------+-------+-------+-------++-------
Melee: Mace              |    85 |   136 |   427 |       ||   648
       Headbutt          |    16 |    34 |   104 |    28 ||   182
       Morningstar       |       |       |     2 |   129 ||   131
Throw: Stone             |    44 |    13 |    27 |     3 ||    87
Invok: Berserk           |       |     1 |     3 |     2 ||     6
       Trog's Hand       |       |       |     1 |     3 ||     4
       Brothers in Arms  |       |       |       |     1 ||     1
  Use: Scroll            |       |       |    14 |     1 ||    15
       Potion            |       |       |     2 |     3 ||     5
 Stab: Invisible         |       |       |     3 |       ||     3
  Eat: Chunk             |     2 |     3 |    11 |     3 ||    19
       Ration            |       |       |     3 |     1 ||     4
Armor: Animal skin       |    29 |       |       |       ||    29
       Chain mail        |     3 |    69 |   226 |    88 ||   386
Dodge: Dodged            |    51 |    36 |   101 |    35 ||   223
Block: Shield            |    22 |    85 |   208 |   100 ||   415
